 Dungeon Crawl Stone Soup version 0.29.0-4-gdea44cf6ec (webtiles) character file.

Game seed: 8195939870426494360

24 qw the Sneak (level 3, -1/23 HPs)
             Began as a Gargoyle Delver on Sept 10, 2022.
             Slain by an iron imp (5 damage)
             ... summoned by Eustachio
             ... on level 5 of the Dungeon.
             The game lasted 00:00:03 (348 turns).

qw the Sneak (Gargoyle Delver)                       Turns: 348, Time: 00:00:03

Health: -1/23      AC:  6    Str: 17      XL:     3   Next: 2%
Magic:  3/3        EV: 11    Int: 10      God:
Gold:   8          SH:  0    Dex: 10 (11) Spells: 2/2 levels left

rFire   . . .      SeeInvis .   a - +0 hand axe
rCold   . . .      Faith    .   (no shield)
rNeg    + . .      Spirit   .   b - +0 leather armour
rPois   inf        Reflect  .   (no helmet)
rElec   +          Harm     .   (no cloak)
rCorr   .          Rampage  .   (no gloves)
Will    .....                   (no boots)
Stlth   +++.......              (no amulet)
HPRegen 0.07/turn               (no ring)
MPRegen 0.08/turn               (no ring)

@: no status effects
A: sickness immunity, AC +3, negative energy resistance 1, electricity
resistance, torment resistance 1, petrification resistance
a: no special abilities


You were on level 5 of the Dungeon.
You visited 1 branch of the dungeon, and saw 1 of its levels.

You collected 8 gold pieces.


Innate Abilities, Weirdness & Mutations

You are immune to sickness and miasma.
Your stone body is resilient. (AC +3)
You are immune to poison.
You resist negative energy. (rN+)
You are resistant to electric shocks. (rElec)
You are resistant to unholy torment.
You are immune to petrification.


   Skills:
 - Level 3.2 Fighting
 + Level 3.1 Axes
 - Level 1.5 Dodging
 - Level 5.4 Stealth


You had 2 spell levels left.
You didn't know any spells.
Your spell library was empty.

Inventory:

Hand Weapons
 a - a +0 hand axe (weapon)
Armour
 b - a +0 leather armour (worn)
Wands
 g - a wand of digging (3)
Scrolls
 c - a scroll of fog
 d - a scroll of magic mapping
 e - a scroll of fear
Potions
 f - a potion of haste

Dungeon Overview and Level Annotations

Branches:
Dungeon (5/15)
 Temple: D:4-7

Altars:

Annotations:
D:5 1 runed translucent door, Eustachio


Message History

The iron imp closely misses you.
You closely miss the iron imp.
The iron imp is lightly wounded.
You miss the quasit. The quasit closely misses you.
The quasit barely misses you. The quasit closely misses you.
Eustachio gestures wildly while chanting.
Eustachio blinks!
The iron imp hits you.
The quasit bites you but does no damage.
The quasit claws you but does no damage. x2
You hit the iron imp but do no damage.
The iron imp is lightly wounded.
You closely miss the quasit.
The crimson imp blinks!
The quasit barely misses you. The quasit completely misses you.
The quasit misses you.
The iron imp hits you but does no damage.
You hit the iron imp.
The iron imp is moderately wounded.
You hit the quasit but do no damage.
The quasit bites you but does no damage.
The quasit barely misses you.
The quasit claws you but does no damage.
The crimson imp blinks!
The quasit bites you but does no damage.
The quasit closely misses you.
The quasit claws you but does no damage.
The iron imp hits you but does no damage.
You hit the iron imp but do no damage.
The iron imp is moderately wounded.
You hit the quasit but do no damage.
The quasit bites you but does no damage.
The quasit closely misses you.
The quasit claws you but does no damage.
Eustachio asks, "How can you live without manners, virtues and honour?"
You hit the iron imp.
The iron imp is moderately wounded.
You hit the quasit.
The quasit bites you but does no damage.
The quasit barely misses you. The quasit misses you. The iron imp hits you.
You die...

# #..##.##.#.#.# #
#..##.##.#.#.# #
#............# #
#.....##.#...# #
#.######.#...#
#####.# #.#...#
...>#.# ##.#...#
###.#######......#
###.........@..5@#
.........#######5#
###.##...... ...#
....##.#.### ##.##
###.## # # #.# #.#
#.# #.# #.# #.#
#.# #.#


You could see Eustachio, an iron imp (summoned) and a quasit (summoned).

Vanquished Creatures
  An iguana (D:5)
1 creature vanquished.

Notes
Turn   | Place    | Note
-------+----------+-------------------------------------------
     0 | D:5      | qw the Gargoyle Delver began the quest for the Orb.
     0 | D:5      | Reached XP level 1. HP: 14/14 MP: 1/1
     0 | D:5      | 0 ||| qw: Version: 0.1-a-116-g5d60599
     0 | D:5      | 0 ||| qw: Game counter: 8864
     0 | D:5      | 0 ||| qw: Always use a shield: true
     0 | D:5      | 0 ||| qw: God list: Okawaru
     0 | D:5      | 0 ||| qw: Allow faded altars: false
     0 | D:5      | 0 ||| qw: Do Orc after D:15 true
     0 | D:5      | 0 ||| qw: Do second Lair branch before Depths: true
     0 | D:5      | 0 ||| qw: Lair rune preference: random
     0 | D:5      | 0 ||| qw: Plans: Normal
     0 | D:5      | 0 ||| PLANNING D:1-11
     9 | D:5      | Noticed an iguana
    22 | D:5      | Killed an iguana
    23 | D:5      | Reached skill level 3 in Axes
    23 | D:5      | Reached XP level 2. HP: 6/19 MP: 2/2
    23 | D:5      | Reached XP level 3. HP: 8/23 MP: 3/3
   237 | D:5      | Found a runed translucent door.
   333 | D:5      | Noticed Eustachio
   341 | D:5      | HP: 5/23 [quasit[Eustachio] (2)]
   348 | D:5      | Slain by an iron imp

Levels and vault maps discovered:
D:5:      layout_basic, ebering_ghost_sewer_d, serial_shops,
          nicolae_stop_n_shop_2, uniq_ijyb, uniq_grinder, uniq_eustachio

Skill      XL: |  1 |
---------------+----+-----
Axes           | 3 |  3.1
Fighting       | |  3.2
Dodging        | |  1.5
Stealth        | |  5.4

Action                   || total
-------------------------++-------
Melee: Hand axe          ||    21
Armor: Leather armour    ||    22
Dodge: Dodged            ||    23

Table legend:
 A = Non-vault XP
 B = Vault XP
 C = Vault XP percentage of total XP
 D = Non-vault monster count
 E = Vault monster count
 F = Vault count percentage of total count
                 A         B        C        D         E       F
            +---------+---------+-------+---------+---------+-------
      Total |      35 |       0 |   0.0 |       1 |       0 |   0.0
            +---------+---------+-------+---------+---------+-------
        D:5 |      35 |       0 |   0.0 |       1 |       0 |   0.0
            +---------+---------+-------+---------+---------+-------
